Map: Lerilak Crest

Players

Javert - Winner!

  • Race: Zerg Zerg
  • League: Gold

jennic

  • Race: Zerg Zerg
  • League: Grandmaster

VOD

Have the link to the VOD?

Description

Time

  • Played on: Sept. 26, 2015, 7:17 p.m.
  • Length: 7:01
Show
View Real Time Build Order
Export as new Build Order

Javert Zerg - Winner!

Build Orders: Pool First 

Get SALT Encoding   

  12  0:02  Drone  
  13  0:12  Overlord  
  13  0:18  Drone  
  14  0:31  Drone x2  
  16  0:38  Drone  
  17  0:47  Spawning Pool  
  17  0:49  Drone  
  17  1:12  Hatchery  
  17  1:14  Drone  
  17  1:16  Extractor  
  16  1:19  Drone  
  17  1:36  Roach Warren  
  16  1:41  Queen  
  16  1:44  Drone  
  19  1:51  Overlord  
  19  2:05  Drone  
  20  2:18  Roach x3  
  26  2:25  Queen  
  28  2:34  Drone x2  
  30  2:37  Drone  
  31  2:45  Overlord  
  31  2:50  Baneling Nest  
  30  2:53  Drone  
  31  3:01  Overlord  
  31  3:04  Roach  
  33  3:23  Drone  
  33  3:24  Drone x6  
  40  3:38  Metabolic Boost, Overlord  
  40  3:40  Zergling x2  
  41  3:44  Zergling x4  
  43  3:54  Evolution Chamber  
  42  4:15  Roach x5  
  42  4:16  Roach  
  45  4:19  Evolution Chamber  
  40  4:34  Drone x3  
  44  4:41  Queen  
  44  4:45  Baneling  
  46  4:48  Extractor  
  46  4:51  Zergling x2  
  46  4:52  Zergling x2  
  47  4:57  Baneling  
  47  4:58  Overlord  
  47  5:03  Drone  
  47  5:04  Drone  
  44  5:43  Roach x5  
  50  5:56  Zergling x22  
  57  6:16  Zergling x2  
  57  6:17  Zergling x4  
  59  6:36  Zergling x8  
  59  6:37  Zergling x10  
Show
View Real Time Build Order
Export as new Build Order

jennic Zerg 

Build Orders: Hatch First 

Get SALT Encoding   

  12  0:01  Drone  
  13  0:10  Drone  
  14  0:20  Extractor x2  
  14  0:21  Drone x2  
  16  0:43  Hatchery  
  15  0:57  Spawning Pool  
  15  1:03  Overlord  
  14  1:10  Drone, Extractor  
  14  1:14  Extractor  
  14  1:15  Drone  
  16  1:23  Drone, Extractor  
  16  1:28  Drone  
  17  1:40  Overlord  
  17  1:45  Queen  
  19  1:54  Queen  
  19  1:57  Drone  
  19  2:00  Zergling x2  
  23  2:04  Zergling x2  
  24  2:08  Extractor  
  24  2:09  Drone  
  24  2:18  Zergling x2  
  24  2:19  Zergling x2  
  26  2:25  Metabolic Boost  
  26  2:31  Drone  
  26  2:34  Overlord  
  26  2:35  Zergling x2  
  28  2:46  Evolution Chamber  
  28  2:48  Drone  
  28  2:49  Drone  
  29  2:54  Drone  
  26  3:24  Zergling x18  
  35  3:33  Zerg Melee Weapons Level 1  
  35  3:36  Drone x2  
  37  3:50  Drone x4  
  41  4:00  Spine Crawler  
  33  4:28  Zergling x2  
  33  4:29  Zergling x2  
  33  4:38  Drone x3, Zergling x2  
  34  4:39  Overlord x2, Drone x2, Zergling x2  
  34  4:42  Lair  
  39  4:48  Spine Crawler  
  39  4:50  Spine Crawler  
  37  4:55  Drone x2  
  39  5:01  Overlord, Zergling x2, Drone x2  
  39  5:25  Zergling x18  
  42  5:37  Zergling x2  
  39  5:45  Spire  
Tags
 
Add a new tag
Caveats
  • Supply blocks, unpowered buildings, or Contaminate may cause inaccurate times.
  • Supply counts are checked every 10 seconds.